 Dungeon Crawl Stone Soup version 0.21.1-1-g345015fe64 (webtiles) character file.

193 Peloso the Covered (level 5, 0/70 HPs)
             Began as a Minotaur Fighter on June 3, 2018.
             Succumbed to an orc wizard's poison
             ... on level 3 of the Dungeon.
             The game lasted 00:04:05 (2680 turns).

Peloso the Covered (Minotaur Fighter)               Turns: 2680, Time: 00:04:06

Health: 0/70       AC: 22    Str: 21    XL:     5   Next: 43%
Magic:  4/4        EV:  2    Int: 10    God:
Gold:   199        SH:  9    Dex: 10    Spells: 4/4 levels left

rFire    + . .     SeeInvis .   a - +0 long sword
rCold    . . .     Gourm    .   c - +0 shield
rNeg     + + +     Faith    .   (armour currently unavailable)
rPois    +         Spirit   .   (helmet currently unavailable)
rElec    .         Reflect  .   (cloak currently unavailable)
rCorr    .         Harm     .   (gloves currently unavailable)
MR       .....     NoTele   +   (boots currently unavailable)
Stlth    +.........             (no amulet)
HPRegen  0.21/turn              o - ring of protection from fire
MPRegen  0.09/turn              (no ring)

@: brilliant, lethally poisoned (0 -> -23), tree-form, berserk cooldown, slowed,
very slow
A: (retaliatory headbutt)
a: no special abilities


You were on level 3 of the Dungeon.
You were hungry.
You were a tree.
You visited 1 branch of the dungeon, and saw 3 of its levels.

You collected 199 gold pieces.

Inventory:

Hand Weapons
 a - a +0 long sword (weapon)
Armour
 b - a +0 scale mail (melded)
 c - a +0 shield (worn)
Jewellery
 o - a ring of protection from fire (left branch)
Wands
 u - a wand of paralysis (18)
Scrolls
 e - a scroll of random uselessness {unknown}
 i - a scroll of enchant weapon {unknown}
 j - 2 scrolls of teleportation {unknown}
 k - 4 scrolls of identify {unknown}
 l - a scroll of blinking {unknown}
 m - a scroll of magic mapping {unknown}
 p - 3 scrolls of remove curse {unknown}
 r - a scroll of enchant armour {unknown}
 t - a scroll of amnesia {unknown}
 v - a scroll of fear {unknown}
Potions
 d - a potion of might
Books
 q - Vehumet's Compendium of Arcane Weapons
   (You found it on level 2 of the Dungeon)

   Spells                             Type                      Level
   a - Magic Dart                     Conjuration                  1
Comestibles
 f - 13 rations


   Skills:
 + Level 4.5 Fighting
 + Level 4.5 Long Blades
 + Level 4.7 Armour
 + Level 0.5 Dodging
 + Level 4.6 Shields


You had 4 spell levels left.
You didn't know any spells.

Dungeon Overview and Level Annotations

Branches:
Dungeon (3/15)

Altars:
Kikubaaqudgha
Sif Muna
Vehumet


Innate Abilities, Weirdness & Mutations

((You reflexively headbutt those who attack you in melee.))
((You have a pair of horns on your head.))


Message History

You are too berserk!
* * * LOW HITPOINT WARNING * * *
You feel sick.
You feel your anger nearly subside.
You are no longer berserk.
You are exhausted.
You feel yourself slow down.
* * * LOW HITPOINT WARNING * * *
You feel sick. The orc hits you but does no damage.
It was a potion of brilliance.
You feel clever all of a sudden.
* * * LOW HITPOINT WARNING * * *
You feel very sick. The orc hits you but does no damage.
You cannot move.
Evoke which item? (* to show all) (? for menu, Esc to quit)
Aiming: Paralyse
Press: ? - help, Shift-Dir - straight line, f - orc
Aim: an orc, wielding a trident (chance to defeat MR: 63%)
The orc suddenly stops moving!
You die...

#### oo ..+ .o ..#
.o #.# #. #.# #. #
#.# #. #
#.#.#.######## #
#.#...?oo)♣..# #
#.##########.# #
#.# #......#.# #
#.# #......'.# #
#.# #......###
#######.####.#####
........>(.#....#
###..##...#####.###
#..##...........#


You could see 2 orcs.

Vanquished Creatures
  An orc wizard (D:3)
  5 adders
  An ooze (D:1)
  5 worms
  3 dart slugs
  2 leopard geckos
  3 orcs (D:3)
  2 bats (D:1)
  3 giant cockroaches (D:2)
  15 goblins
  15 hobgoblins
  4 jackals (D:3)
  9 kobolds
  2 quokkas (D:2)
  5 frilled lizards
  5 rats
80 creatures vanquished.

Notes
Turn   | Place    | Note
-------+----------+-------------------------------------------
     0 | D:1      | Peloso the Minotaur Fighter began the quest for the Orb.
     0 | D:1      | Reached XP level 1. HP: 19/19 MP: 0/0
    57 | D:1      | Reached XP level 2. HP: 23/27 MP: 1/1
   323 | D:1      | Reached XP level 3. HP: 33/33 MP: 2/2
  1356 | D:2      | Reached XP level 4. HP: 35/40 MP: 3/3
  1761 | D:2      | Found an ancient bone altar of Kikubaaqudgha.
  1761 | D:2      | Found a deep blue altar of Sif Muna.
  1764 | D:2      | Found a radiant altar of Vehumet.
  1768 | D:2      | Identified Vehumet's Compendium of Arcane Weapons
  2205 | D:3      | Reached XP level 5. HP: 24/47 MP: 4/4
  2679 | D:3      | HP: 3/70 [poisoned by an orc wizard]
  2680 | D:3      | Succumbed to an orc wizard's poison

Skill      XL: |  1  2  3  4 |
---------------+-------------+-----
Fighting       | 4 |  4.5
Armour         | 4 |  4.7
Shields        | 4 |  4.6
Long Blades    | 3 4 |  4.5
Dodging        | |  0.5

Action                   |  1- 3 |  4- 6 || total
-------------------------+-------+-------++-------
Melee: Long sword        |    89 |    92 ||   181
       Headbutt          |    11 |    15 ||    26
Evoke: Wand              |       |     1 ||     1
  Use: Potion            |       |     4 ||     4
  Eat: Chunk             |     1 |     4 ||     5
Armor: Scale mail        |    51 |    36 ||    87
       Skin              |       |     7 ||     7
Dodge: Dodged            |    37 |    22 ||    59
Block: Shield            |    60 |    50 ||   110
       Rpst.: Long sword |     9 |     2 ||    11
